 Dungeon Crawl Stone Soup version 0.23-a0-416-g33f1def (webtiles) character file.

136 Zephyr the Sneak (level 4, -3/21 HPs)
             Began as a Spriggan Enchanter on Nov 9, 2018.
             Killed from afar by an orc wizard (7 damage)
             ... with a puff of flame
             ... on level 3 of the Dungeon.
             The game lasted 00:10:49 (3679 turns).

Zephyr the Sneak (Spriggan Enchanter)               Turns: 3679, Time: 00:10:50

Health: -3/21      AC:  2    Str:  5    XL:     4   Next: 98%
Magic:  9/9        EV: 18    Int: 16    God:
Gold:   107        SH:  0    Dex: 16    Spells: 7/8 levels left

rFire    . . .     SeeInvis +   n - +2 dagger (elec)
rCold    . . .     Gourm    .   (shield restricted)
rNeg     . . .     Faith    .   f - +0 robe
rPois    .         Spirit   .   (helmet restricted)
rElec    .         Reflect  .   (no cloak)
rCorr    .         Harm     .   (gloves unavailable)
MR       .....                  (boots unavailable)
Stlth    ++++......             (no amulet)
HPRegen  0.07/turn              (no ring)
MPRegen  0.11/turn              (no ring)

@: very quick
A: very small, unfitting armour, see invisible, herbivore, speed 3, slow
metabolism 2
a: no special abilities


You were on level 3 of the Dungeon.
You were not hungry.

You visited 1 branch of the dungeon, and saw 3 of its levels.

You collected 107 gold pieces.

Inventory:

Hand Weapons
 n - a +2 dagger of electrocution (weapon)
Armour
 f - a +0 robe (worn)
Jewellery
 a - an uncursed ring of wizardry {unknown}
 l - a +2 ring of intelligence
Scrolls
 b - a scroll of teleportation {unknown}
 c - 3 scrolls of blinking {unknown}
 e - 2 scrolls of remove curse {unknown}
 g - a scroll of enchant armour {unknown}
 h - a scroll of enchant weapon {unknown}
 j - a scroll of immolation {unknown}
 k - 4 scrolls of identify {unknown}
Potions
 i - a potion of haste {unknown}
 m - a potion of heal wounds {unknown}
Comestibles
 d - 6 rations


   Skills:
 + Level 3.8 Short Blades
 - Level 3.0 Dodging
 + Level 7.0 Stealth
 - Level 2.6 Spellcasting
 - Level 3.6 Hexes


You had 7 spell levels left.
You knew the following spells:

 Your Spells              Type           Power        Failure   Level  Hunger
a - Corona                Hex            ##.....      4%          1    #......

Your spell library contained the following spells:

 Spells                   Type           Power        Failure   Level  Hunger
 Confuse                  Hex            ##......     13%         3    ###....
 Tukima's Dance           Hex            ##......     13%         3    ###....
 Ensorcelled Hibernation  Hex/Ice        #.....       14%         2    ##.....
 Dazzling Spray           Conj/Hex       #.....       28%         3    ###....


Dungeon Overview and Level Annotations

Branches:
Dungeon (3/15)

Altars:


Innate Abilities, Weirdness & Mutations

You are very small and have problems with some larger weapons.
You are too small for most types of armour.
You have supernaturally acute eyesight. (SInv)
You are a herbivore.
You cover ground extremely quickly.
You need to consume almost no food.


Message History

You hit the orc priest.
You kill the orc priest!
Your Stealth skill increases to level 7!
An orc wizard comes into view. It is wielding a +1 dagger of venom.
The orc hits you with a +0 club.
You completely miss the orc. The orc hits you with a +0 club.
You hit the orc but do no damage. Lightning courses through the orc!
You kill the orc!
You hit the orc wizard but do no damage.
You hit the orc priest.
The orc priest is lightly wounded.
The orc wizard barely misses you.
The orc priest mumbles some strange prayers to Beogh against you.
Beogh smites you!
Ouch! That really hurt!
* * * LOW HITPOINT WARNING * * *
There is a stone staircase leading up here.
The orc wizard gestures at you while chanting.
The puff of flame hits you!
You die...

.###############
...............##
.................
#######oo.@...#
.......o##.#.##
.......).#...#
########.#.###
.o#.# ...#.#
o.............#
.o............#
oo............#


You could see an orc priest and 2 orc wizards.

Vanquished Creatures
  An orc priest (D:3)
  An orc wizard (D:2)
  An adder (D:2)
  2 worms (D:2)
  2 dart slugs (D:1)
  5 leopard geckos
  2 orcs
  2 giant cockroaches
  10 goblins
  2 hobgoblins
  4 jackals (D:1)
  4 kobolds
  A quokka (D:2)
  6 bats
  5 frilled lizards
  9 rats
57 creatures vanquished.

Notes
Turn   | Place    | Note
-------+----------+-------------------------------------------
     0 | D:1      | Zephyr the Spriggan Enchanter began the quest for the Orb.
     0 | D:1      | Reached XP level 1. HP: 9/9 MP: 5/5
   436 | D:1      | Reached skill level 5 in Stealth
   436 | D:1      | Reached XP level 2. HP: 8/13 MP: 6/6
  1715 | D:1      | Reached XP level 3. HP: 13/16 MP: 8/8
  3074 | D:2      | Reached skill level 6 in Stealth
  3174 | D:2      | Reached XP level 4. HP: 21/21 MP: 9/9
  3671 | D:3      | Reached skill level 7 in Stealth
  3679 | D:3      | Killed from afar by an orc wizard

Vault maps used:
D:1:      saegor_arrival_simple_e, corexii_leaking_fountain
D:3:      cheibrodos_pilgrimage, small_statue_intersection, uniq_sigmund,
          uniq_terence

Skill      XL: |  1  2  3  4 |
---------------+-------------+-----
Stealth        | 5 6 7 |  7.0
Short Blades   | 2 3 |  3.8
Dodging        | |  3.0
Spellcasting   | |  2.6
Hexes          | |  3.6

Action                   |  1- 3 |  4- 6 || total
-------------------------+-------+-------++-------
Melee: Dagger            |   203 |    55 ||   258
       Short sword       |    39 |       ||    39
 Cast: Corona            |     4 |       ||     4
 Stab: Sleeping          |    11 |       ||    11
  Eat: Ration            |       |     1 ||     1
Armor: Robe              |    30 |     6 ||    36
Dodge: Dodged            |   202 |    41 ||   243

Table legend:
 A = Non-vault XP
 B = Vault XP
 C = Vault XP percentage of total XP
 D = Non-vault monster count
 E = Vault monster count
 F = Vault count percentage of total count
                 A         B        C        D         E       F
            +---------+---------+-------+---------+---------+-------
      Total |     109 |      86 |  44.1 |      53 |       4 |   7.0
            +---------+---------+-------+---------+---------+-------
        D:1 |      51 |       0 |   0.0 |      27 |       0 |   0.0
        D:2 |      58 |      39 |  40.2 |      26 |       2 |   7.1
        D:3 |       0 |      47 | 100.0 |       0 |       2 | 100.0
            +---------+---------+-------+---------+---------+-------
